 Dungeon Crawl Stone Soup version 0.31-a0-188-g5e087ee2ca (webtiles) character file.

Game seed: 7006818985469465609

66 qw the Shooter (level 3, -2/20 HPs)
             Began as a Deep Elf Hunter on June 23, 2023.
             Slain by a goblin
             ... wielding a +0 club
             ... led by Robin
              (3 damage)
             ... on level 3 of the Dungeon.
             The game lasted 00:00:30 (1528 turns).

qw the Shooter (Deep Elf Hunter)                    Turns: 1528, Time: 00:00:31

Health: -2/20      AC:  7    Str: 10    XL:     3   Next: 96%
Magic:  5/5        EV: 11    Int: 13    God:
Gold:   78         SH:  0    Dex: 18    Spells: 2/2 levels left

rFire   . . .        Y - +0 shortbow
rCold   . . .        (shield currently unavailable)
rNeg    + . .        e - +0 ring mail
rPois   .            h - +0 helmet
rElec   .            (no cloak)
rCorr   .            (no gloves)
SInv    .            f - +0 pair of boots
Will    .....        (no amulet)
Stlth   +            c - ring of positive energy
HPRegen 0.23/turn    g - +4 ring of slaying {mikee}
MPRegen 0.09/turn

%: no passive effects
@: about to teleport
A: no striking features
a: no special abilities


You were on level 3 of the Dungeon.
You visited 1 branch of the dungeon, and saw 3 of its levels.

You collected 78 gold pieces.


   Skills:
 - Level 1.5 Fighting
 + Level 7.4 Ranged Weapons
 - Level 2.4 Dodging
 - Level 1.2 Stealth


You had 2 spell levels left.
You didn't know any spells.
Your spell library was empty.

Inventory:

Hand Weapons
 Y - a +0 shortbow (weapon)
Armour
 e - a +0 ring mail (worn)
 f - a +0 pair of boots (worn)
 h - a +0 helmet (worn)
Jewellery
 c - a ring of positive energy (left hand)
 g - a +4 ring of slaying (right hand) {mikee}
Potions
 d - a potion of haste {unknown}
 j - a potion of heal wounds {unknown}

Dungeon Overview and Level Annotations

Branches:
Dungeon (3/15)

Altars:

Shops:
D:2 (

Annotations:
D:3 Robin


Message History

The jackal barks!
You hear a shout!
Robin roars a battlecry!
The goblins go into a battle-frenzy!
The goblin hits you with a +0 club.
An orc comes into view. It is wielding a +0 mace.
The goblin hits you but does no damage. The goblin hits you with a +0 club.
You shoot an arrow. The arrow closely misses the goblin.
The goblin closely misses you. The goblin hits you with a +0 dagger.
The goblin hits you but does no damage.
You shoot an arrow. The arrow hits the goblin.
You kill the goblin!
Robin throws the goblin at you! The goblin hits you with a +0 club.
The goblin closely misses you. The goblin hits you but does no damage.
You shoot an arrow. The arrow hits the goblin.
You kill the goblin!
The goblin hits you but does no damage. The goblin barely misses you.
The goblin closely misses you. The goblin hits you with a +0 club.
The goblin barely misses you.
You shoot an arrow. The arrow hits the goblin.
The goblin is severely wounded.
The goblin hits you but does no damage. x2; The goblin hits you with a +0 club.
You shoot an arrow. The arrow barely misses the goblin.
The arrow hits the goblin!
You kill the goblin!
The orc wizard mumbles some strange words.
The orc wizard flickers and vanishes!
Deactivating autopickup; reactivate with Ctrl-A.
The goblin closely misses you. The goblin hits you with a +0 club.
You shoot an arrow. The arrow hits the goblin!
You kill the goblin!
The goblin hits you with a +0 club. The goblin misses you.
1527 ||| READING scroll of teleportation.
As you read the scroll of teleportation, it crumbles to dust.
You feel strangely unstable. The goblin closely misses you. x2
You shoot an arrow. The arrow hits Robin.
Robin is lightly wounded.
The goblin hits you with a +0 club.
You die... ......... ...)...# #......# #..o...# Khgg..# {goo.# #ggg#

#@#
#########
#g#
#<......#
#.#
#######.#
#.# #.#
#.# #.#
#.# #.#
#.# #.#
#.# #.#
#.#


You could see Robin, 3 orcs, a jackal, 3 hobgoblins, 3 goblins and a kobold.

Vanquished Creatures
  2 adders (D:2)
  A dart slug (D:1)
  2 endoplasms
  3 giant cockroaches (D:1)
  10 goblins
  3 hobgoblins
  3 jackals (D:1)
  3 kobolds
  5 ball pythons
  5 bats
  3 frilled lizards (D:1)
  2 rats
42 creatures vanquished.

Notes
Turn   | Place    | Note
-------+----------+-------------------------------------------
     0 | D:1      | qw the Deep Elf Hunter began the quest for the Orb.
     0 | D:1      | Reached XP level 1. HP: 12/12 MP: 3/3
     0 | D:1      | 0 ||| qw: Version: 0.3-a-9-g12657ce
     0 | D:1      | 0 ||| qw: Game counter: 4245
     0 | D:1      | 0 ||| qw: Always use a shield: true
     0 | D:1      | 0 ||| qw: God list: Okawaru
     0 | D:1      | 0 ||| qw: Allow faded altars: false
     0 | D:1      | 0 ||| qw: Do Orc after D:15 true
     0 | D:1      | 0 ||| qw: Do second Lair branch before Depths: true
     0 | D:1      | 0 ||| qw: Lair rune preference: random
     0 | D:1      | 0 ||| qw: Plans: Normal
     0 | D:1      | 0 ||| PLANNING D:1-11
   203 | D:1      | Reached XP level 2. HP: 16/16 MP: 4/4
   211 | D:1      | Reached skill level 6 in Ranged Weapons
   697 | D:1      | Reached XP level 3. HP: 15/20 MP: 5/5
   996 | D:1      | 996 ||| UPGRADING to +0 pair of boots.
  1001 | D:1      | 1001 ||| UPGRADING to +0 helmet.
  1006 | D:1      | 1006 ||| UPGRADING to +0 scale mail.
  1016 | D:1      | 1016 ||| DROPPING +0 leather armour.
  1017 | D:1      | 1017 ||| READING 2 scrolls labelled YMUIBUTEOH.
  1022 | D:1      | 1022 ||| READING scroll labelled RAENIH ASEWERU.
  1023 | D:1      | 1023 ||| DROPPING scroll of butterflies.
  1109 | D:2      | Found a faded altar of an unknown god.
  1115 | D:2      | Found Yrphithe's Antique Weapon Shop.
  1126 | D:2      | Reached skill level 7 in Ranged Weapons
  1323 | D:2      | Identified the +5 quarterstaff of the Tomato {flame, rElec
                  | rPois Int+2 Dex-5}
  1451 | D:2      | 1451 ||| UPGRADING to +0 ring mail.
  1461 | D:2      | 1461 ||| DROPPING +0 scale mail.
  1462 | D:2      | 1462 ||| UPGRADING to ring of positive energy.
  1463 | D:2      | 1463 ||| UPGRADING to +4 ring of slaying {mikee}.
  1464 | D:2      | 1464 ||| READING scroll labelled PEPO SATWORIETT.
  1465 | D:2      | 1465 ||| DRINKING 2 purple potions.
  1466 | D:2      | 1466 ||| DROPPING potion of magic.
  1516 | D:3      | Noticed Robin
  1526 | D:3      | HP: 1/20 [goblin/+0 club[Robin] (5)]
  1527 | D:3      | 1527 ||| READING scroll of teleportation.
  1528 | D:3      | Slain by a goblin

Levels and vault maps discovered:
D:1:      tarquinn_simple_flora_water_a, layout_basic, nicolae_hexahallways,
          hangedman_decor_diamond_cutter, chequers_serial_rivers_large_a
D:2:      layout_basic, basic_ecumenical_altar, serial_shops, shop,
          grunt_decor_fettered
D:3:      layout_basic, zin_purify, nicolae_sif_muna_little_library,
          overflow_temple_1_default, okawaru_gym_becter, gammafunk_ghost_split,
          uniq_terence, uniq_robin

Skill      XL: |  1  2  3 |
---------------+----------+-----
Ranged Weapons | 6 7 |  7.4
Fighting       | |  1.5
Dodging        | |  2.4
Stealth        | |  1.2

Action                     || total
---------------------------++-------
   Fire: Shortbow          ||    97
    Use: Scroll            ||     4
         Potion            ||     1
 Armour: Leather armour    ||     9
         Ring mail         ||    10
         Scale mail        ||     9
  Dodge: Dodged            ||    25

Table legend:
 A = Non-vault XP
 B = Vault XP
 C = Vault XP percentage of total XP
 D = Non-vault monster count
 E = Vault monster count
 F = Vault count percentage of total count
                 A         B        C        D         E       F
            +---------+---------+-------+---------+---------+-------
      Total |      87 |       8 |   8.4 |      37 |       5 |  11.9
            +---------+---------+-------+---------+---------+-------
        D:1 |      42 |       0 |   0.0 |      24 |       0 |   0.0
        D:2 |      42 |       0 |   0.0 |      11 |       0 |   0.0
        D:3 |       3 |       8 |  72.7 |       2 |       5 |  71.4
            +---------+---------+-------+---------+---------+-------
